General information
- name: BNet
- type: Ladder team game (AT/RT)
- host: Battle.net
- saver: Knock-Knock
map: Deadlock
- players: 8
- length: 48:42
- speed: Fast
- version: 1.27 W3XP
- replay type: Public
» download(243 KB)
Players
team 1 (winner)
HoardGldLikaJew (
red | 121 APM | 5909 actions | 48:42)
10 Blademaster
3 Wind Walk
3 Critical Strike
1 Bladestorm
3 Mirror Image
» actions
| Assign group hotkey | 178 | |
| Basic commands | 222 | |
| Build / train | 212 | |
| Enter build submenu | 75 | |
| Enter hero's abilities submenu | 10 | |
| Give item / drop item | 10 | |
| Remove unit from queue | 1 | |
| Right click | 2417 | |
| Select / deselect | 836 | |
| Select group hotkey | 1602 | |
| Use ability | 346 | |
5909 total
» units
| Peon | 17 | |
| Grunt | 7 | |
| Troll Headhunter/Berserker | 35 | |
| Peasant | 4 | |
| Shaman | 6 | |
| Spirit Walker | 2 | |
| Kodo Beast | 2 | |
| Troll Batrider | 8 | |
| Troll Witch Doctor | 1 | |
| Demolisher | 1 | |
83 total
» upgrades
| Backpack | 0 | |
| Berserker Strength | 1 | |
| Ranged Weapons | 3 | |
| Pillage | 1 | |
| Armor | 3 | |
| Berserker Upgrade | 1 | |
| Reinforced Defenses | 1 | |
| Troll Regeneration | 1 | |
| Spiked Barricades | 1 | |
| Magic Sentry | 1 | |
| Masonry | 2 | |
| Shaman Training | 2 | |
| Spirit Walker Training | 2 | |
| War Drums Damage Increase | 1 | |
| Melee Weapons | 1 | |
| Witch Doctor Training | 2 | |
| Liquid Fire | 1 | |
| Burning Oil | 1 | |
25 total
» buildings
| Orc Burrow | 8 | |
| Altar of Storms | 1 | |
| Barracks | 2 | |
| Voodoo Lounge | 1 | |
| War Mill | 1 | |
| Stronghold | 3 | |
| Great Hall | 2 | |
| Fortress | 1 | |
| Watch Tower | 23 | |
| Moon Well | 6 | |
| Spirit Lodge | 2 | |
| Scout Tower | 18 | |
| Guard Tower | 37 | |
| Lumber Mill | 1 | |
| Beastiary | 3 | |
109 total
» build order
00:10 Orc Burrow
01:05 Orc Burrow
01:09 Altar of Storms
01:11 Barracks
01:41 Voodoo Lounge
02:36 War Mill
03:53 Orc Burrow
04:32 Stronghold
04:33 Stronghold
05:18 Great Hall
06:54 Fortress
07:17 Watch Tower
07:18 Watch Tower
07:28 Watch Tower
07:34 Watch Tower
08:48 Watch Tower
08:51 Watch Tower
09:36 Watch Tower
09:38 Watch Tower
09:40 Watch Tower
10:48 Orc Burrow
11:07 Watch Tower
11:08 Watch Tower
11:09 Watch Tower
12:44 Watch Tower
12:45 Watch Tower
12:51 Watch Tower
16:06 Moon Well
16:07 Moon Well
16:09 Moon Well
16:11 Moon Well
16:12 Moon Well
16:14 Moon Well
18:00 Spirit Lodge
18:03 Spirit Lodge
19:00 Scout Tower
19:01 Scout Tower
19:02 Scout Tower
19:03 Scout Tower
19:05 Scout Tower
19:11 Scout Tower
19:11 Scout Tower
19:12 Scout Tower
19:13 Scout Tower
19:13 Scout Tower
19:46 Guard Tower
19:46 Guard Tower
19:46 Guard Tower
19:46 Guard Tower
19:49 Guard Tower
19:49 Guard Tower
19:49 Guard Tower
19:49 Guard Tower
19:53 Scout Tower
19:56 Scout Tower
19:58 Scout Tower
20:00 Scout Tower
20:02 Scout Tower
20:04 Scout Tower
20:06 Scout Tower
20:07 Scout Tower
20:22 Guard Tower
20:23 Guard Tower
20:23 Guard Tower
20:23 Guard Tower
20:30 Guard Tower
20:30 Guard Tower
20:30 Guard Tower
20:31 Guard Tower
20:31 Guard Tower
20:33 Guard Tower
20:33 Guard Tower
20:33 Guard Tower
20:34 Guard Tower
20:34 Guard Tower
21:58 Orc Burrow
22:21 Lumber Mill
23:55 Beastiary
23:57 Beastiary
24:00 Beastiary
25:30 Orc Burrow
25:31 Orc Burrow
25:33 Orc Burrow
27:47 Barracks
27:55 Watch Tower
27:55 Watch Tower
27:59 Watch Tower
28:00 Watch Tower
28:01 Watch Tower
36:17 Great Hall
36:39 Watch Tower
36:41 Watch Tower
36:43 Watch Tower
46:26 Guard Tower
46:26 Guard Tower
46:26 Guard Tower
46:27 Guard Tower
» items
| Healing Salve | 9 | |
| Lesser Clarity Potion | 5 | |
| Scroll of Town Portal | 6 | |
| Boots of Speed | 2 | |
| Periapt of Vitality | 1 | |
| Orb of Lightning | 1 | |
| Tiny Great Hall | 1 | |
25 total

»
leon_mudpaw (
pink | 86 APM | 933 actions | 10:53)
3 Archmage
2 Summon Water Elemental
1 Brilliance Aura
1 Mountain King
1 Storm Bolt
» actions
| Assign group hotkey | 15 | |
| Basic commands | 47 | |
| Build / train | 32 | |
| Enter build submenu | 16 | |
| Enter hero's abilities submenu | 6 | |
| Right click | 239 | |
| Select / deselect | 168 | |
| Select group hotkey | 372 | |
| Use ability | 38 | |
933 total
» units
| Peasant | 9 | |
| Rifleman | 7 | |
| Mortar Team | 1 | |
| Priest | 1 | |
| Footman | 1 | |
19 total
» upgrades
» buildings
| Altar of Kings | 2 | |
| Farm | 6 | |
| Barracks | 1 | |
| Blacksmith | 1 | |
| Arcane Vault | 1 | |
| Lumber Mill | 1 | |
| Keep | 1 | |
| Scout Tower | 1 | |
| Arcane Tower | 1 | |
| Workshop | 1 | |
| Arcane Sanctum | 1 | |
17 total
» build order
00:20 Altar of Kings
00:24 Farm
00:30 Altar of Kings
01:16 Barracks
01:29 Blacksmith
01:45 Farm
02:26 Farm
02:57 Farm
03:05 Arcane Vault
03:41 Farm
04:39 Lumber Mill
05:23 Keep
06:29 Scout Tower
07:23 Arcane Tower
07:54 Workshop
07:57 Arcane Sanctum
09:00 Farm
» items
| Scroll of Regeneration | 2 | |
| Scroll of Town Portal | 1 | |
3 total
x_TiTz_oR_GTFO (
green | 33 APM | 402 actions | 12:19)
2 Demon Hunter
1 Mana Burn
1 Immolation
» actions
| Assign group hotkey | 1 | |
| Basic commands | 6 | |
| Build / train | 34 | |
| ESC pressed | 13 | |
| Enter build submenu | 16 | |
| Enter hero's abilities submenu | 2 | |
| Right click | 165 | |
| Select / deselect | 129 | |
| Use ability | 36 | |
402 total
» units
» upgrades
| Strength of the Wild | 1 | |
| Reinforced Hides | 1 | |
| Druid of the Claw Training | 1 | |
3 total
» buildings
| Altar of Elders | 1 | |
| Moon Well | 4 | |
| Hunter's Hall | 1 | |
| Tree of Ages | 1 | |
| Ancient Protector | 3 | |
| Ancient of Lore | 5 | |
| Tree of Life | 1 | |
| Tree of Eternity | 1 | |
17 total
» build order
00:08 Altar of Elders
00:47 Moon Well
01:19 Moon Well
02:02 Hunter's Hall
03:26 Tree of Ages
03:32 Ancient Protector
03:35 Ancient Protector
03:37 Ancient Protector
04:20 Moon Well
05:55 Ancient of Lore
05:58 Ancient of Lore
06:01 Ancient of Lore
06:21 Tree of Life
08:42 Moon Well
09:29 Tree of Eternity
11:59 Ancient of Lore
12:00 Ancient of Lore
» items
| Circlet of Nobility | 1 | |
| Boots of Speed | 1 | |
2 total
team 2 (loser)

»
War_girl (
blue | 134 APM | 1678 actions | 12:32)
3 Archmage
2 Summon Water Elemental
1 Brilliance Aura
2 Mountain King
1 Storm Bolt
1 Bash
» actions
| Assign group hotkey | 36 | |
| Basic commands | 111 | |
| Build / train | 77 | |
| Enter build submenu | 23 | |
| Enter hero's abilities submenu | 5 | |
| Remove unit from queue | 1 | |
| Right click | 725 | |
| Select / deselect | 223 | |
| Select group hotkey | 403 | |
| Use ability | 74 | |
1678 total
» units
| Peasant | 17 | |
| Footman | 7 | |
| Rifleman | 5 | |
| Sorceress | 1 | |
| Spell Breaker | 1 | |
| Mortar Team | 1 | |
32 total
» upgrades
| Defend | 1 | |
| Long Rifles | 1 | |
| Sorceress Training | 1 | |
| Lumber Harvesting | 1 | |
4 total
» buildings
| Altar of Kings | 1 | |
| Farm | 9 | |
| Barracks | 2 | |
| Lumber Mill | 1 | |
| Scout Tower | 4 | |
| Arcane Tower | 2 | |
| Arcane Vault | 1 | |
| Keep | 3 | |
| Town Hall | 1 | |
| Guard Tower | 7 | |
| Blacksmith | 1 | |
| Arcane Sanctum | 2 | |
| Workshop | 1 | |
35 total
» build order
00:08 Altar of Kings
00:21 Farm
00:23 Barracks
01:10 Farm
01:23 Lumber Mill
01:46 Scout Tower
01:50 Farm
02:25 Arcane Tower
02:26 Arcane Tower
02:52 Arcane Vault
04:23 Keep
04:46 Town Hall
04:50 Scout Tower
05:08 Scout Tower
05:11 Guard Tower
05:11 Guard Tower
05:20 Barracks
05:27 Guard Tower
05:28 Guard Tower
05:29 Scout Tower
05:58 Guard Tower
05:59 Guard Tower
06:10 Farm
06:29 Blacksmith
06:53 Farm
07:32 Arcane Sanctum
08:20 Arcane Sanctum
09:05 Farm
10:49 Workshop
11:11 Farm
11:13 Farm
12:21 Farm
» items
| Scroll of Regeneration | 2 | |
| Scroll of Town Portal | 1 | |
| Potion of Healing | 2 | |
5 total
texas (
teal | 40 APM | 1143 actions | 28:37)
4 Mountain King
2 Storm Bolt
1 Thunder Clap
1 Bash
2 Paladin
1 Holy Light
1 Divine Shield
1 Blood Mage
1 Flame Strike
» actions
| Basic commands | 7 | |
| Build / train | 87 | |
| Enter build submenu | 27 | |
| Enter hero's abilities submenu | 7 | |
| Remove unit from queue | 1 | |
| Right click | 595 | |
| Select / deselect | 346 | |
| Use ability | 73 | |
1143 total
» units
| Peasant | 13 | |
| Footman | 7 | |
| Rifleman | 2 | |
| Knight | 20 | |
| Gryphon Rider | 11 | |
| Sorceress | 1 | |
54 total
» upgrades
| Lumber Harvesting | 2 | |
| Storm Hammers | 1 | |
| Gunpowder | 0 | |
| Swords | 2 | |
| Plating | 1 | |
| Armor | 2 | |
| Sorceress Training | 1 | |
| Animal War Training | 1 | |
10 total
» buildings
| Altar of Kings | 1 | |
| Barracks | 2 | |
| Farm | 12 | |
| Lumber Mill | 1 | |
| Arcane Vault | 2 | |
| Blacksmith | 1 | |
| Town Hall | 1 | |
| Keep | 1 | |
| Castle | 2 | |
| Gryphon Aviary | 2 | |
25 total
» build order
00:19 Altar of Kings
00:22 Barracks
00:27 Farm
01:23 Farm
02:38 Farm
02:44 Lumber Mill
04:08 Farm
04:21 Arcane Vault
04:26 Arcane Vault
04:30 Blacksmith
05:00 Farm
05:13 Town Hall
06:07 Keep
08:45 Castle
08:48 Barracks
08:52 Gryphon Aviary
10:00 Gryphon Aviary
10:45 Farm
11:15 Farm
11:34 Farm
11:36 Farm
12:02 Farm
12:51 Farm
13:37 Castle
20:05 Farm
» items
| Scroll of Regeneration | 4 | |
| Lesser Clarity Potion | 3 | |
7 total
Knock-Knock (
orange | 54 APM | 2612 actions | 48:42)
4 Blademaster
2 Wind Walk
2 Critical Strike
» actions
| Assign group hotkey | 60 | |
| Basic commands | 346 | |
| Build / train | 87 | |
| Enter build submenu | 57 | |
| Enter hero's abilities submenu | 4 | |
| Give item / drop item | 9 | |
| Remove unit from queue | 8 | |
| Right click | 1033 | |
| Select / deselect | 374 | |
| Select group hotkey | 344 | |
| Use ability | 290 | |
2612 total
» units
» upgrades
| Reinforced Defenses | 1 | |
| Pillage | 1 | |
| Ranged Weapons | 3 | |
| Armor | 3 | |
| Envenomed Spears | 1 | |
9 total
» buildings
| Orc Burrow | 7 | |
| Altar of Storms | 1 | |
| Barracks | 1 | |
| Voodoo Lounge | 1 | |
| Stronghold | 1 | |
| War Mill | 2 | |
| Great Hall | 3 | |
| Fortress | 1 | |
| Watch Tower | 47 | |
| Beastiary | 6 | |
| Spirit Lodge | 3 | |
73 total
» build order
00:13 Orc Burrow
00:53 Altar of Storms
00:56 Barracks
01:09 Orc Burrow
02:10 Voodoo Lounge
03:10 Stronghold
04:18 War Mill
04:20 Orc Burrow
04:43 Great Hall
06:49 Fortress
07:31 Watch Tower
07:32 Watch Tower
07:33 Watch Tower
07:34 Watch Tower
07:48 Watch Tower
07:49 Watch Tower
07:52 Watch Tower
09:43 Great Hall
09:54 Watch Tower
09:54 Watch Tower
09:54 Watch Tower
09:55 Watch Tower
09:56 Watch Tower
09:56 Watch Tower
09:56 Watch Tower
09:57 Watch Tower
10:51 War Mill
13:54 Beastiary
13:55 Beastiary
13:57 Beastiary
13:59 Beastiary
14:02 Beastiary
14:06 Beastiary
14:13 Watch Tower
14:14 Watch Tower
14:16 Watch Tower
14:17 Watch Tower
14:19 Watch Tower
14:19 Watch Tower
14:21 Watch Tower
14:22 Watch Tower
14:23 Watch Tower
14:24 Watch Tower
14:25 Watch Tower
14:26 Watch Tower
15:48 Watch Tower
15:49 Watch Tower
15:49 Watch Tower
15:50 Watch Tower
15:50 Watch Tower
15:50 Watch Tower
17:07 Watch Tower
17:08 Watch Tower
17:22 Orc Burrow
17:23 Orc Burrow
17:26 Orc Burrow
17:31 Orc Burrow
22:37 Watch Tower
22:37 Watch Tower
22:38 Watch Tower
22:41 Watch Tower
26:48 Great Hall
27:03 Watch Tower
27:04 Watch Tower
27:04 Watch Tower
27:04 Watch Tower
27:05 Watch Tower
27:05 Watch Tower
27:05 Watch Tower
27:06 Watch Tower
37:02 Spirit Lodge
37:02 Spirit Lodge
37:03 Spirit Lodge
» items
| Healing Salve | 6 | |
| Periapt of Vitality | 1 | |
| Staff of Teleportation | 1 | |
| Circlet of Nobility | 1 | |
| Orb of Lightning | 1 | |
| Potion of Healing | 2 | |
| Scroll of Town Portal | 1 | |
13 total

»
cmurdaa (
yellow | 50 APM | 2454 actions | 48:42)
5 Keeper of the Grove
3 Force of Nature
2 Entangling Roots
3 Priestess of the Moon
1 Scout
1 Searing Arrows
1 Trueshot Aura
2 Demon Hunter
1 Evasion
1 Mana Burn
1 Archmage
1 Brilliance Aura
» actions
| Assign group hotkey | 47 | |
| Basic commands | 48 | |
| Build / train | 135 | |
| Enter build submenu | 29 | |
| Enter hero's abilities submenu | 11 | |
| Remove unit from queue | 1 | |
| Right click | 696 | |
| Select / deselect | 493 | |
| Select group hotkey | 899 | |
| Use ability | 95 | |
2454 total
» units
| Wisp | 38 | |
| Archer | 12 | |
| Dryad | 5 | |
| Druid of the Talon | 9 | |
| Druid of the Claw | 4 | |
| Chimaera | 13 | |
| Hippogryph | 7 | |
| Gryphon Rider | 5 | |
93 total
» upgrades
| Strength of the Wild | 3 | |
| Reinforced Hides | 3 | |
| Druid of the Talon Training | 2 | |
| Druid of the Claw Training | 2 | |
| Abolish Magic | 1 | |
| Mark of the Talon | 1 | |
| Mark of the Claw | 1 | |
| Corrosive Breath | 1 | |
| Well Spring | 1 | |
| Ultravision | 1 | |
16 total
» buildings
| Moon Well | 9 | |
| Ancient of War | 1 | |
| Altar of Elders | 1 | |
| Ancient of Wonders | 1 | |
| Hunter's Hall | 1 | |
| Ancient Protector | 3 | |
| Tree of Life | 7 | |
| Tree of Ages | 1 | |
| Tree of Eternity | 1 | |
| Ancient of Wind | 2 | |
| Ancient of Lore | 1 | |
| Chimaera Roost | 2 | |
30 total
» build order
00:19 Moon Well
00:41 Ancient of War
00:49 Altar of Elders
01:19 Moon Well
01:56 Ancient of Wonders
02:34 Hunter's Hall
03:17 Moon Well
04:08 Ancient Protector
04:16 Ancient Protector
05:26 Ancient Protector
07:10 Tree of Life
07:13 Tree of Ages
07:59 Moon Well
09:54 Moon Well
09:56 Tree of Eternity
10:14 Ancient of Wind
10:59 Moon Well
11:07 Ancient of Lore
12:21 Chimaera Roost
12:53 Moon Well
12:55 Moon Well
13:42 Tree of Life
13:48 Tree of Life
16:31 Chimaera Roost
22:54 Tree of Life
30:00 Ancient of Wind
35:33 Moon Well
36:45 Tree of Life
36:48 Tree of Life
36:53 Tree of Life
» items
| Lesser Clarity Potion | 2 | |
| Orb of Venom | 1 | |
| Potion of Healing | 3 | |
| Potion of Mana | 2 | |
| Scroll of Town Portal | 1 | |
9 total
Chat log
(06:25 / Allies) texas: want help yelow or u want crep
(06:48 / Allies) texas: units?
(06:57 / Allies) cmurdaa: chims and hips
(07:04 / Allies) Knock-Knock: wyvs bats
(07:29 / Allies) texas: expo
(07:31 / Allies) texas: not main
(08:06 / All) x_TiTz_oR_GTFO: Lol.
(09:21 / Allies) texas: orj
(09:22 / Allies) texas: u fucked it
(09:25 / Allies) texas: lol
(10:33 / Allies) cmurdaa: b
(10:35 / Allies) cmurdaa: re gourp
(16:07 / Allies) Knock-Knock: lumber?
(16:12 / Allies) texas: got none
(16:19 / Allies) texas: share gold
(16:20 / Allies) texas: yelow
(16:22 / Allies) texas: orhj
(16:28 / Allies) texas: 5k man
(16:29 / Allies) texas: come one
(19:22 / Allies) texas: u gona ply orj?
(19:36 / Allies) Knock-Knock: game over
(22:03 / Allies) texas: wtf orj
(22:18 / Allies) texas: yelow do something
(22:23 / Allies) texas: wtf u doing
(22:54 / Allies) texas: lets go
(23:21 / All) texas: orj your a faggot
(23:35 / Allies) Knock-Knock: waht did I do
(23:56 / Allies) texas: this is fucked
(23:57 / Allies) texas: fuck u orj
(24:36 / Allies) texas: stauy out
(26:14 / Allies) texas: your so gay orj
(26:45 / Allies) texas: 'wwtf man
(26:47 / Allies) texas: fuck u
(26:52 / All) texas: this is so gay
(27:10 / All) HoardGldLikaJew: what happened?
(27:14 / All) HoardGldLikaJew: I raped you 1v4 that's what LOL
(27:14 / All) texas: Fuck u
(27:25 / All) texas: u know orj tking
(27:35 / All) HoardGldLikaJew: Make more excuses for being 1v4ed noob
(29:37 / Allies) Knock-Knock: Things are looking bleak, yella
(29:41 / Allies) Knock-Knock: I think we lost this one
(38:19 / All) Knock-Knock: Wear em out and grind em down
(38:22 / All) Knock-Knock: YEEHAW
(39:52 / All) Knock-Knock: sitting duck lol
(40:12 / All) Knock-Knock: Hippos aren't so great against bats are they boy?
(40:30 / All) Knock-Knock: That's it for you boy
(40:34 / All) Knock-Knock: You're finished in this town
(41:27 / All) Knock-Knock: Standoff?
(41:31 / All) Knock-Knock: I think so
(41:34 / All) HoardGldLikaJew: Yeah
(41:39 / All) Knock-Knock: KNOCK KNOCK
(41:54 / All) Knock-Knock: *coughs*
(41:57 / All) Knock-Knock: KNOCK KNOCK
(42:03 / All) HoardGldLikaJew: WHO"S THERE
(42:08 / All) Knock-Knock: TURNCOAT! :D
(42:15 / All) HoardGldLikaJew: TURNCOAT WHO
(42:35 / All) Knock-Knock: ... oh, um. Turncoat Rapist of Jacob Campbell
(42:38 / All) HoardGldLikaJew: TURNCOATS BACKSTABBING YOU!
(42:57 / All) Knock-Knock: Or that, that's a better one
(43:07 / All) HoardGldLikaJew: lawl
(43:37 / All) Knock-Knock: TEXAS
(44:16 / All) Knock-Knock: Only steers and queers come Texas, and you don't look like a steer to me so that kinda narrows it down
(46:15 / All) HoardGldLikaJew: almost forgot about these moon wells
(48:29 / All) Knock-Knock: Catch you folks down the road. Best of luck to thee
(48:34 / All) HoardGldLikaJew: gl
(48:36 / All) HoardGldLikaJew: HF!
(48:38 / All) Knock-Knock: Buh bye now
(48:40 / All) HoardGldLikaJew: actually, don't have any fun